 Dungeon Crawl Stone Soup version 0.28-a0-1506-g3893175d92 (webtiles) character file.

Game seed: 14362029162130344564

95 riojii the Chopper (level 4, 26/42 HPs)
             Began as a Deep Dwarf Monk on Jan 13, 2022.
             Was a Follower of Okawaru.
             Quit the game on level 3 of the Dungeon.
             The game lasted 00:04:10 (1428 turns).

riojii the Chopper (Deep Dwarf Monk)                Turns: 1428, Time: 00:04:11

Health: 26/42      AC:  5    Str: 17    XL:     4   Next: 39%
Magic:  4/4        EV: 12    Int: 10    God:    Okawaru [*.....]
Gold:   177        SH:  0    Dex: 15    Spells: 3/3 levels left

rFire   . . .      SeeInvis .   a - +0 hand axe
rCold   . . .      Faith    .   (no shield)
rNeg    . . .      Spirit   .   d - +0 ring mail
rPois   .          Reflect  .   (no helmet)
rElec   .          Harm     .   (no cloak)
rCorr   .          Rampage  .   (no gloves)
Will    .....                   (no boots)
Stlth   +.........              (no amulet)
HPRegen 0.00/turn               (no ring)
MPRegen 0.09/turn               (no ring)

@: no status effects
A: damage resistance, heal wounds, sense surroundings 1, no regeneration
a: Heal Wounds, Renounce Religion, Heroism


You were on level 3 of the Dungeon.
You worshipped Okawaru.
Okawaru was aware of your devotion.
You visited 1 branch of the dungeon, and saw 3 of its levels.

You collected 177 gold pieces.

Inventory:

Hand Weapons
 a - a +0 hand axe (weapon)
Armour
 d - a +0 ring mail (worn)
Jewellery
 g - an amulet of faith
Scrolls
 c - 2 scrolls of identify
 e - 3 scrolls of enchant armour {unknown}
 f - a scroll of amnesia {unknown}
 i - a scroll of magic mapping {unknown}
 k - a scroll of fog {unknown}
Potions
 b - 3 potions of heal wounds
 h - a potion of might {unknown}
 j - a potion of flight
 l - a potion of curing {unknown}


   Skills:
 + Level 3.3 Fighting
 + Level 4.0 Axes
 + Level 2.0 Armour
 + Level 4.0 Dodging
 - Level 2.4 Stealth


You had 3 spell levels left.
You didn't know any spells.
Your spell library was empty.

Dungeon Overview and Level Annotations

Branches:
Dungeon (3/15)

Altars:
Fedhas
Hepliaklqana
Okawaru
Ru
Trog

Shops:
D:1 (   D:2 ?


Innate Abilities, Weirdness & Mutations

You are resistant to damage.
You can heal yourself by infusing magical energy.
You passively map a small area around you.
You do not regenerate.


Message History

No target in view!
No target in view!
No target in view!
You see here an adder corpse.
Things that are here:
a +0 war axe; a kobold corpse
There is a hazy altar of Hepliaklqana here.
You see here a +0 whip.
There is a faded altar of an unknown god here.
You cannot tell which god this altar belongs to.
Convert to them anyway?
Okay, then.
You cannot tell which god this altar belongs to.
Convert to them anyway?
Ru accepts your prayer! Ru welcomes you!
There is a faded altar of an unknown god here.
Okay, then.
Really renounce your faith, foregoing its fabulous benefits?
Are you sure?
You have lost your religion!
You cannot tell which god this altar belongs to.
Convert to them anyway?
Okay, then.
You cannot tell which god this altar belongs to.
Convert to them anyway?
Trog accepts your prayer! Trog welcomes you!
You can now go berserk at will.
You enter the shallow water.
Moving in this stuff is going to be slow.
There is a faded altar of an unknown god here.
You cannot tell which god this altar belongs to.
Convert to them anyway?
Really abandon Trog for an unknown god?
Okawaru accepts your prayer!
You have lost your religion!
Trog does not appreciate desertion!
Okawaru welcomes you!
You can now gain great but temporary skills.
Unknown command.
Press < or > to pray at altars.
Unknown command.
Press < or > to pray at altars.
Are you sure you want to abandon this character and quit the game? (Confirm with "yes".)

....# ,, ,, ....### ......
, , , ####### *, ....####
##.....## .......####*
##.._._..## #.#
..........., #.........###
#.# .......#
#._.≈.P)..#.####.##
.......#
#)...⌠≈†..'........
.......#
#.@.≈≈P...#...##...
..#....##
#.........###.##...
###.....#
##.......###..##...
#####.## ##* ##.....##
#....... #######..###.#
####### #####>..
..†..........#############
#...
########.####..##........#
#... .##
#.####..#.........# #...
..######.##.....)#.......#
#.##


There were no monsters in sight!

Vanquished Creatures
  A gnoll (D:1)
  2 adders
  A worm (D:2)
  A dart slug (D:1)
  An endoplasm (D:1)
  2 giant cockroaches
  12 goblins
  5 hobgoblins
  6 jackals (D:2)
  3 quokkas
  3 ball pythons (D:1)
  5 bats
  4 frilled lizards
  8 kobolds
  2 rats
56 creatures vanquished.

Vanquished Creatures (others)
  A plant (D:3)
1 creature vanquished.

Grand Total: 57 creatures vanquished

Notes
Turn   | Place    | Note
-------+----------+-------------------------------------------
     0 | D:1      | riojii the Deep Dwarf Monk began the quest for the Orb.
     0 | D:1      | Reached XP level 1. HP: 20/20 MP: 1/1
    87 | D:1      | Found Gyithyozxi's Antique Weapon Boutique.
    90 | D:1      | Reached XP level 2. HP: 17/27 MP: 2/2
   158 | D:1      | Reached skill level 1 in Armour
   277 | D:1      | Reached XP level 3. HP: 34/34 MP: 3/3
   754 | D:2      | Found Lorphulo's Magic Scroll Emporium.
   855 | D:2      | Reached XP level 4. HP: 34/42 MP: 4/4
  1105 | D:3      | Found a blossoming altar of Fedhas.
  1396 | D:3      | Found a faded altar of an unknown god.
  1396 | D:3      | Found a faded altar of an unknown god.
  1399 | D:3      | Found a faded altar of an unknown god.
  1399 | D:3      | Found a hazy altar of Hepliaklqana.
  1418 | D:3      | Prayed at the altar of an unknown god.
  1418 | D:3      | Became a worshipper of Ru the Awakened
  1421 | D:3      | Fell from the grace of Ru
  1422 | D:3      | Prayed at the altar of an unknown god.
  1422 | D:3      | Became a worshipper of Trog the Wrathful
  1422 | D:3      | Reached * piety under Trog
  1427 | D:3      | Prayed at the altar of an unknown god.
  1427 | D:3      | Fell from the grace of Trog
  1427 | D:3      | Became a worshipper of Warmaster Okawaru
  1427 | D:3      | Reached * piety under Okawaru
  1428 | D:3      | Quit the game

Illustrated notes

Levels and vault maps discovered:
D:1:      tarquinn_simple_flora_water_e, layout_rooms, serial_shops, shop,
          nicolae_grassy_gnolls
D:2:      layout_basic, serial_shops, nicolae_shop_crystal
D:3:      layout_rooms, old_standard_altar,
          nicolae_hepliaklqana_ecumenical_no_more, kennysheep_generic_room_16

Skill      XL: |  1  2  3  4 |
---------------+-------------+-----
Armour         | 1 2 |  2.0
Fighting       | 3 |  3.3
Axes           | 4 |  4.0
Dodging        | 4 |  4.0
Stealth        | |  2.4

Action                   |  1- 3 |  4- 6 || total
-------------------------+-------+-------++-------
Melee: Hand axe          |   128 |    50 ||   178
       Punch             |     4 |       ||     4
Invok: Renounce Religion |       |     1 ||     1
 Abil: Heal Wounds       |     3 |       ||     3
  Use: Scroll            |       |     3 ||     3
 Stab: Sleeping          |       |     1 ||     1
Armor: Robe              |     9 |       ||     9
       Ring mail         |    25 |    15 ||    40
Dodge: Dodged            |    94 |    25 ||   119

Table legend: (Time is in decaauts)
 A = Elapsed time spent in this place.
 B = Non-inter-level travel time spent in this place.
 C = Inter-level travel time spent in this place.
 D = Time resting spent in this place.
 E = Time spent auto-exploring this place.
 F = Levels seen in this place.
 G = Mean time per level.
                   A        B        C        D        E       F      G
               +--------+--------+--------+--------+--------+-----+--------+
         Total |   1449 |   1340 |    109 |      0 |    897 |   3 |  483.0 |
       Dungeon |   1449 |   1340 |    109 |      0 |    897 |   3 |  483.0 |
               +--------+--------+--------+--------+--------+-----+--------+

Top non-repeatable levels by time:
     D:2: 587 daAuts
     D:1: 523 daAuts
     D:3: 337 daAuts
